 Dungeon Crawl Stone Soup version 0.29.0-4-gdea44cf6ec (webtiles) character file.

Game seed: 16264080927388522806

285 qw the Chopper (level 6, -1/39 (47) HPs)
             Began as a Formicid Cinder Acolyte on Sept 4, 2022.
             Was an Elder of Ignis.
             Slain by Edmund
             ... wielding a +3 dire flail of draining
              (2 damage)
             ... on level 4 of the Dungeon.
             The game lasted 00:01:16 (4279 turns).

qw the Chopper (Formicid Cinder Acolyte)            Turns: 4279, Time: 00:01:17

HP:   -1/39 (47)    AC: 15    Str: 21    XL:     6   Next: 55%
MP:   7/7           EV: 10    Int: 13    God:    Ignis [****..]
Gold: 132           SH:  0    Dex:  9    Spells: 7/7 levels left

rFire   + . .      SeeInvis +   Y - -1 hand axe (freeze)
rCold   . . .      Faith    .   (no shield)
rNeg    . . .      Spirit   .   f - +0 scale mail
rPois   +          Reflect  .   (helmet unavailable)
rElec   .          Harm     .   i - +0 cloak
rCorr   .          Rampage  .   (no gloves)
Will    .....                   b - +0 pair of boots
Stlth   ..........              (no amulet)
HPRegen 0.13/turn               a - ring of Povig {Wiz rPois}
MPRegen 0.10/turn               (no ring)

@: fiery-armoured, heavily drained
A: permanent stasis, dig shafts and tunnels, antennae 3, four strong arms
a: Dig, Shaft Self, Renounce Religion, Fiery Armour, Foxfire Swarm, Rising Flame


You were on level 4 of the Dungeon.
You worshipped Ignis.
Ignis was greatly pleased with you.
You visited 1 branch of the dungeon, and saw 4 of its levels.

You collected 156 gold pieces.
You spent 24 gold pieces at shops.


Innate Abilities, Weirdness & Mutations

You cannot be hasted, slowed, berserked, paralysed or teleported.
You can dig through walls and to a lower floor.
You have a pair of large antennae on your head. (SInv)
Your four strong arms can wield two-handed weapons with a shield.


   Skills:
 - Level 3.2 Fighting
 - Level 6.1 Axes
 - Level 1.0 Throwing
 + Level 1.6 Armour
 - Level 1.4 Dodging
 - Level 1.1 Spellcasting
 - Level 3.0 Fire Magic


You had 7 spell levels left.
You didn't know any spells.
Your spell library contained the following spells:

 Spells                   Type           Power      Damage    Failure   Level
 Scorch                   Fire           16%        2d5       14%         2

Inventory:

Hand Weapons
 j - a +0 flail
 Y - a -1 hand axe of freezing (weapon)
Missiles
 k - 2 javelins (quivered)
Armour
 b - a +0 pair of boots (worn)
 f - a +0 scale mail (worn)
 i - a +0 cloak (worn)
Jewellery
 a - the ring of Povig (left hand) {Wiz rPois}
   (You acquired it on level 1 of the Dungeon)

   [ring of wizardry]

   It improves your spell success rate.
   rPois:     It protects you from poison.
 n - a ring of ice
Scrolls
 d - a scroll of identify
Potions
 c - a potion of curing
 e - a potion of attraction {unknown}
 g - a potion of mutation
 h - a potion of resistance
 l - a potion of degeneration {unknown}

Dungeon Overview and Level Annotations

Branches:
Dungeon (4/15)
 Temple: D:4-7

Altars:
Vehumet

Shops:
D:1 ?

Annotations:
D:4 Edmund


Message History

You barely miss the adder. The adder barely misses you.
The adder bites you but does no damage.
You hit the adder.
The adder seems to slow down.
You freeze the adder.
The adder is lightly wounded.
You slash the adder!
The adder seems to slow down.
You freeze the adder.
You kill the adder!
You closely miss Edmund.
Edmund hits you with a +3 dire flail of draining!
You feel drained.
You hit Edmund but do no damage.
Edmund hits you with a +3 dire flail of draining.
You feel drained.
You closely miss Edmund. Edmund barely misses you.
You hit Edmund but do no damage. Edmund barely misses you.
You barely miss Edmund.
Edmund hits you with a +3 dire flail of draining.
You feel drained.
4275 ||| INVOKING Fiery Armour.
A protective cloak of flame settles atop you.
Edmund hits you with a +3 dire flail of draining.
You feel drained.
Edmund is burned by your cloak of flames.
Edmund is lightly wounded.
You barely miss Edmund.
Edmund is lightly wounded.
Edmund hits you with a +3 dire flail of draining.
You feel drained.
You hit Edmund. You freeze Edmund.
Edmund is lightly wounded.
Edmund closely misses you.
You barely miss Edmund.
Edmund is lightly wounded.
Edmund closely misses you.
You barely miss Edmund.
Edmund is lightly wounded.
Edmund hits you with a +3 dire flail of draining!
You feel drained.
You die...

### #.##..(..##
#.#...?...# #.#.......#
#.#....... { #.##.....
#..##... ###.##@#######
#...@.......
#...........
############...........
##............##+#######
.>....######### ####.##
#.#### { # #....# { #
####.#


You could see Edmund.

Vanquished Creatures
  An orc priest (D:3)
  A hound (D:4)
  Natasha (thrice) (D:3)
  8 adders
  An ufetubus (D:4)
  A worm (D:3)
  3 dart slugs
  4 orcs (D:3)
  4 endoplasms
  2 giant cockroaches
  5 goblins
  3 hobgoblins
  4 jackals (D:1)
  7 kobolds
  A quokka (D:3)
  8 ball pythons
  7 bats
  2 frilled lizards
  4 rats
69 creatures vanquished.

Notes
Turn   | Place    | Note
-------+----------+-------------------------------------------
     0 | D:1      | qw the Formicid Cinder Acolyte began the quest for the Orb.
     0 | D:1      | Reached XP level 1. HP: 18/18 MP: 2/2
     0 | D:1      | 0 ||| qw: Version: 0.1-a-103-gd6f5d3a
     0 | D:1      | 0 ||| qw: Game counter: 5404
     0 | D:1      | 0 ||| qw: Always use a shield: true
     0 | D:1      | 0 ||| qw: God list: Okawaru
     0 | D:1      | 0 ||| qw: Allow faded altars: false
     0 | D:1      | 0 ||| qw: Do Orc after D:15 true
     0 | D:1      | 0 ||| qw: Do second Lair branch before Depths: true
     0 | D:1      | 0 ||| qw: Lair rune preference: random
     0 | D:1      | 0 ||| qw: Plans: Normal
     0 | D:1      | 0 ||| PLANNING D:1-11
     6 | D:1      | 6 ||| Stepping ~*~*~tactically~*~*~ (hiding).
    17 | D:1      | 17 ||| INVOKING Fiery Armour.
   166 | D:1      | 166 ||| Stepping ~*~*~tactically~*~*~ (hiding).
   300 | D:1      | Reached XP level 2. HP: 16/24 MP: 3/3
   497 | D:1      | 497 ||| Stepping ~*~*~tactically~*~*~ (stealth).
   802 | D:1      | Reached skill level 1 in Throwing
   903 | D:1      | Found a faded altar of an unknown god.
   941 | D:1      | Reached XP level 3. HP: 25/29 MP: 4/4
  1125 | D:1      | Found Faingergh's Magic Scroll Shoppe.
  1135 | D:1      | 1135 ||| SHOPLISTING scroll of enchant armour (90 gold,
                  | have 26).
  1135 | D:1      | 1135 ||| BUYING scroll of identify (24 gold).
  1135 | D:1      | Bought a scroll of identify for 24 gold pieces
  1135 | D:1      | 1135 ||| SHOPLISTING scroll of identify (24 gold, have 2).
  1415 | D:1      | 1415 ||| UPGRADING to +0 scale mail.
  1425 | D:1      | 1425 ||| DROPPING +0 robe.
  1426 | D:1      | 1426 ||| READING scroll labelled DIENTE ZYET.
  1427 | D:1      | 1427 ||| READING scroll labelled VATSIH RARUDOK.
  1427 | D:1      | Identified a scroll of acquirement
  1427 | D:1      | 1427 ||| ACQUIRING ring of Povig {Wiz rPois}
  1427 | D:1      | Acquired the ring of Povig {Wiz rPois}
  1429 | D:1      | 1429 ||| UPGRADING to ring of Povig {Wiz rPois}.
  1430 | D:1      | 1430 ||| READING 3 scrolls of identify.
  1430 | D:1      | 1430 ||| IDENTIFYING silvery potion
  1431 | D:1      | 1431 ||| READING 2 scrolls of identify.
  1431 | D:1      | 1431 ||| IDENTIFYING fizzy purple potion
  1462 | D:2      | Reached skill level 1 in Armour
  1464 | D:2      | Reached skill level 4 in Axes
  1519 | D:2      | Reached XP level 4. HP: 35/35 MP: 5/5
  2022 | D:2      | 2022 ||| Stepping ~*~*~tactically~*~*~ (stealth).
  2023 | D:2      | 2023 ||| FLEEEEING.
  2024 | D:2      | 2024 ||| FLEEEEING.
  2025 | D:2      | 2025 ||| FLEEEEING.
  2026 | D:2      | 2026 ||| FLEEEEING.
  2027 | D:2      | 2027 ||| FLEEEEING.
  2028 | D:2      | 2028 ||| FLEEEEING.
  2029 | D:2      | 2029 ||| FLEEEEING.
  2030 | D:2      | 2030 ||| FLEEEEING.
  2031 | D:2      | 2031 ||| FLEEEEING.
  2032 | D:2      | 2032 ||| FLEEEEING.
  2033 | D:2      | 2033 ||| FLEEEEING.
  2064 | D:2      | 2064 ||| FLEEEEING.
  2065 | D:2      | 2065 ||| FLEEEEING.
  2073 | D:2      | 2073 ||| STAIRDANCE
  2138 | D:1      | 2138 ||| READING scroll labelled ONABREH ENYBB.
  2302 | D:1      | 2302 ||| DROPPING +0 club.
  2303 | D:1      | 2303 ||| DRINKING 2 orange potions.
  2332 | D:2      | Found a radiant altar of Vehumet.
  2334 | D:2      | 2334 ||| STAIRDANCE
  2812 | D:2      | 2812 ||| UPGRADING to +0 pair of boots.
  2853 | D:3      | 2853 ||| Stepping ~*~*~tactically~*~*~ (hiding).
  2855 | D:3      | 2855 ||| Stepping ~*~*~tactically~*~*~ (hiding).
  2878 | D:3      | Reached XP level 5. HP: 41/41 MP: 6/6
  2898 | D:3      | 2898 ||| Stepping ~*~*~tactically~*~*~ (stealth).
  2899 | D:3      | 2899 ||| Stepping ~*~*~tactically~*~*~ (stealth).
  2909 | D:3      | Reached skill level 5 in Axes
  2911 | D:3      | 2911 ||| Stepping ~*~*~tactically~*~*~ (stealth).
  2921 | D:3      | 2921 ||| FLEEEEING.
  2927 | D:3      | 2927 ||| INVOKING Fiery Armour.
  2932 | D:3      | HP: 9/41 [orc/+0 hand axe (2)]
  2936 | D:3      | HP: 4/41 [orc priest/nerve-wracking pain (6)]
  2938 | D:3      | Reached skill level 1 in Dodging
  3225 | D:3      | 3225 ||| DROPPING +0 whip.
  3387 | D:3      | Noticed Natasha
  3392 | D:3      | 3392 ||| INVOKING Fiery Armour.
  3392 | D:3      | HP: 2/41 [white imp/puff of frost[Natasha] (10)]
  3395 | D:3      | Killed Natasha
  3444 | D:3      | Noticed Natasha
  3451 | D:3      | Killed Natasha
  3452 | D:3      | Reached XP level 6. HP: 10/47 MP: 7/7
  3551 | D:3      | Noticed Natasha
  3552 | D:3      | 3552 ||| Stepping ~*~*~tactically~*~*~ (stealth).
  3556 | D:3      | 3556 ||| Stepping ~*~*~tactically~*~*~ (stealth).
  3557 | D:3      | 3557 ||| Stepping ~*~*~tactically~*~*~ (stealth).
  3559 | D:3      | 3559 ||| FLEEEEING.
  3563 | D:3      | 3563 ||| STAIRDANCE
  3694 | D:2      | 3694 ||| UPGRADING to +0 cloak.
  3699 | D:2      | 3699 ||| READING 3 scrolls of identify.
  3699 | D:2      | 3699 ||| IDENTIFYING bubbling coppery potion
  3700 | D:2      | 3700 ||| DROPPING potion of berserk rage.
  3717 | D:3      | 3717 ||| FLEEEEING.
  3718 | D:3      | 3718 ||| FLEEEEING.
  3719 | D:3      | 3719 ||| FLEEEEING.
  3720 | D:3      | 3720 ||| FLEEEEING.
  3721 | D:3      | 3721 ||| FLEEEEING.
  3722 | D:3      | 3722 ||| FLEEEEING.
  3723 | D:3      | 3723 ||| FLEEEEING.
  3724 | D:3      | 3724 ||| FLEEEEING.
  3725 | D:3      | 3725 ||| FLEEEEING.
  3726 | D:3      | 3726 ||| FLEEEEING.
  3727 | D:3      | 3727 ||| STAIRDANCE
  3792 | D:3      | Killed Natasha
  3988 | D:3      | 3988 ||| Stepping ~*~*~tactically~*~*~ (stealth).
  3990 | D:3      | 3990 ||| Stepping ~*~*~tactically~*~*~ (hiding).
  4069 | D:3      | 4069 ||| READING scroll labelled USEAPH XUSA.
  4070 | D:3      | 4070 ||| READING 2 scrolls of identify.
  4070 | D:3      | 4070 ||| IDENTIFYING glowing green potion
  4071 | D:3      | 4071 ||| DROPPING potion of brilliance.
  4178 | D:4      | 4178 ||| Stepping ~*~*~tactically~*~*~ (stealth).
  4186 | D:4      | Reached skill level 6 in Axes
  4240 | D:4      | Noticed Edmund
  4275 | D:4      | 4275 ||| INVOKING Fiery Armour.
  4276 | D:4      | HP: 10/42 [Edmund/+3 dire flail of draining (2)]
  4279 | D:4      | HP: 1/41 [Edmund/+3 dire flail of draining (8)]
  4279 | D:4      | Slain by Edmund

Levels and vault maps discovered:
D:1:      minmay_arrival_radiant_lines, layout_basic,
          shapermc_ecumenical_altar_venn, serial_shops, shop_fountains
D:2:      layout_basic, basic_altar, nicolae_elevator_lobby_plus
D:3:      layout_basic, uniq_natasha
D:4:      kennysheep_six_static_rooms, layout_loops_ring,
          nicolae_overflows_in_rows, serial_shops, nicolae_square_shop,
          uniq_crazy_yiuf_cottage, uniq_edmund

Skill      XL: |  1  2  3  4  5  6 |
---------------+-------------------+-----
Throwing       | 1 |  1.0
Armour         | 1 |  1.6
Axes           | 4 5 6 |  6.1
Dodging        | 1 |  1.4
Fighting       | |  3.2
Spellcasting   | |  1.1
Fire Magic     | |  3.0

Action                   |  1- 3 |  4- 6 || total
-------------------------+-------+-------++-------
Melee: Hand axe          |    59 |   165 ||   224
Throw: Javelin           |    21 |    26 ||    47
Invok: Fiery Armour      |     1 |     3 ||     4
  Use: Scroll            |     4 |     4 ||     8
       Potion            |       |     1 ||     1
Armor: Robe              |    11 |       ||    11
       Scale mail        |     6 |    68 ||    74
Dodge: Dodged            |    28 |    88 ||   116

Table legend:
 A = Non-vault XP
 B = Vault XP
 C = Vault XP percentage of total XP
 D = Non-vault monster count
 E = Vault monster count
 F = Vault count percentage of total count
                 A         B        C        D         E       F
            +---------+---------+-------+---------+---------+-------
      Total |     364 |      44 |  10.8 |      67 |       2 |   2.9
            +---------+---------+-------+---------+---------+-------
        D:1 |      42 |       0 |   0.0 |      24 |       0 |   0.0
        D:2 |      85 |       0 |   0.0 |      18 |       0 |   0.0
        D:3 |     152 |      36 |  19.1 |      19 |       1 |   5.0
        D:4 |      85 |       8 |   8.6 |       6 |       1 |  14.3
            +---------+---------+-------+---------+---------+-------
